[Event "Early-Titled-Tuesday-Blitz-February-27-2024"]
[Site "Chess.com"]
[Date "2024.02.27"]
[Round "2"]
[White "NLLO777"]
[Black "Arlo2024"]
[Result "1-0"]
[WhiteElo "2532"]
[BlackElo "2295"]
[TimeControl "180+1"]
[EndTime "8:18:27 PST"]
[Termination "NLLO777 won on time"]

1. b3 b6 2. Bb2 Bb7 3. Nf3 Nf6 4. e3 e6 5. Be2 Be7 6. O-O O-O 7. c4 c5 8. d3 d6 9. Nbd2 Nbd7 10. a3 a6 11. b4 Qc7 12. Qb3 Rfc8 13. Rfc1 Rab8 14. h3 Qd8 15. d4 b5 16. cxb5 axb5 17. Bxb5 Bxf3 18. Bxd7 Bd5 19. Bxc8 Bxb3 20. Ba6 Ba4 21. Bc3 Nd5 22. Nc4 Nxc3 23. Rxc3 cxb4 24. axb4 Rxb4 25. Rca3 Bd7 26. Na5 Qb6 27. Bd3 g6 28. Nc4 Qc7 29. Ra7 Rb7 30. Ra8+ Kg7 31. Be2 Bb5 32. Na5 Bxe2 33.
Nxb7 Qxb7 34. R8a7 Qb2 35. R1a2 Qb1+ 36. Kh2 Bh4 37.
Rxe2 e5 38. g3 Bf6 39. d5 Qd3 40. Rea2 Qxd5 41. Rd7 e4 42. Raa7 Be5 43. h4 h5 44.
Kg2 Qe6 45. Kf1 Qf5 46. Ke2 Qf3+ 47. Ke1 Bxg3 48. fxg3 Qxe3+ 49. Kd1 d5 50. Rxf7+ Kg8 51. Rg7+ Kf8 52. Rgf7+ Ke8 53. Rfe7+ Kd8 54. Reb7 Qd3+ 55. Kc1 Qc3+ 56. Kb1 Qe1+ 57. Kb2 Qf2+ 58. Kb3 Qxg3+ 59. Ka4 Qg4 60. Ra8+ Qc8 61. Rxc8+ Kxc8 62. Rb5 Kd7 63. Rxd5+ Ke6 64. Rg5 e3 65. Rg3 Kf5 66. Rxe3 Kf4 67. Rb3 g5 68. Rb4+ Kg3 69. hxg5 h4 70. g6 h3 71.
Rb3+ 1-0

[Event "Early-Titled-Tuesday-Blitz-February-27-2024"]
[Site "Chess.com"]
[Date "2024.02.27"]
[Round "2"]
[White "Zq1"]
[Black "Chessmissile07"]
[Result "1-0"]
[WhiteElo "2621"]
[BlackElo "2890"]
[TimeControl "180+1"]
[EndTime "8:18:32 PST"]
[Termination "Zq1 won by checkmate"]

1. d4 a6 2. c4 c5 3. dxc5 Qa5+ 4. Nc3 e6 5. e4 Nf6 6. Bd2 Bxc5 7. e5 Ng8 8. Ne4 Bb4 9. Nd6+ Kf8 10. Nxc8 Qxe5+ 11. Be2 Qxb2 12. Bxb4+ Qxb4+ 13. Qd2 Qxd2+ 14. Kxd2 Nc6 15. Nb6 Rd8 16. Nf3 Nf6 17. Rhd1 d5 18. cxd5 Nxd5 19. Nxd5 Rxd5+ 20. Ke1 Rxd1+ 21. Rxd1 Ke7 22. Nd4 Nxd4 23. Rxd4 Rc8 24. Kd2 Rc5 25. a4 g6 26. Rb4 Rc7 27.
Bf3 b5 28. axb5 axb5 29. Rxb5 h5 30. h4 Kf6 31. g3 Rd7+ 32. Ke3 Ra7 33. Rb7 Ra3+ 34.
Ke2 Ra2+ 35. Kf1 Ra1+ 36. Kg2 Rc1 37. Be2 Rc8 38. Bb5 Rd8 39. Kf3 Rd5 40. Be8 Rf5+ 41.
Kg2 Kg7 42. f4 Kf8 43. Bb5 Rc5 44. Kf3 Rc3+ 45. Kf2 Rc2+ 46. Ke3 Rc3+ 47. Bd3 Rc1 48. Kd4 Rg1 49. Ke5 Kg7 50. Bb5 Rxg3 51. Be8 Re3+ 52. Kd4 Rh3 53. Rxf7+ Kg8 54. Rf6 Rxh4 55. Ke5 Rh1 56.
Rxg6+ Kf8 57. Bc6 Rf1 58. Rf6+ Kg7 59. Rxe6 h4 60. Re7+ Kf8 61. Rh7 Re1+ 62. Be4 Ra1 63. Rxh4 Ra5+ 64. Bd5 Ra6 65. f5 Ra1 66. f6 Re1+ 67. Kd6 Rg1 68. Rh8+ Rg8 69. Rxg8# 1-0

[Event "Early-Titled-Tuesday-Blitz-February-27-2024"]
[Site "Chess.com"]
[Date "2024.02.27"]
[Round "2"]
[White "Batica1984"]
[Black "Rosh1610"]
[Result "1-0"]
[WhiteElo "2762"]
[BlackElo "2413"]
[TimeControl "180+1"]
[EndTime "8:18:32 PST"]
[Termination "Batica1984 won by resignation"]

1. e4 c5 2. Nf3 d6 3. d4 cxd4 4.
Nxd4 Nf6 5. Nc3 a6 6. Be3 e5 7.
Nb3 Be7 8. h3 Be6 9. Qf3 h5 10.
O-O-O b5 11. Nd5 Bxd5 12. exd5 Nbd7 13. Be2 Rc8 14. Kb1 Qc7 15. c3 Nb6 16. g4 e4 17. Qg2 Nbxd5 18. Bc1 Qb7 19. g5 Nd7 20. Ka1 N5b6 21. Rhe1 Ne5 22. Na5 Qa8 23. Be3 Nbc4 24.
Nxc4 bxc4 25. Bd4 Qb7 26. Qg3 Rb8 27. Rb1 Qb5 28. Qf4 O-O 29. Qxe4 g6 30. Bf1 Rfe8 31.
f4 Nc6 32. Bf2 Bf8 33. Qxc4 Rxe1 34. Bxe1 Qxc4 35. Bxc4 Na5 36. Bd5 Rc8 37. Rd1 Nc4 38. Bxc4 Rxc4 39. Rd4 Rxd4 40. cxd4 d5 41. b4 Bd6 42.
Bd2 Kf8 43. Kb2 Ke7 44. Kb3 Kd7 45. a4 Kc6 46. Be3 Be7 47. Bd2 f6 48. f5 gxf5 49. g6 Bf8 50. Bf4 Bg7 51. Kc3 Bf8 52. Kd3 Bg7 53.
Ke3 h4 54. Kf3 Kd7 55. b5 axb5 56. axb5 Kc8 57. b6 Kb7 58. Bc7 Bh6 59. Bd8 Kc6 60.
Bxf6 Kxb6 61. g7 Bxg7 62. Bxg7 Kc6 63. Bf6 Kd6 64. Bxh4 Ke6 65. Bg3 Kf6 66. Be5+ Kg5 67. Kg3 Kh5 68. Kf4 Kh4 69. Kxf5 Kxh3 70. Ke6 Kg4 71. Kxd5 Kg5 1-0

[Event "Early-Titled-Tuesday-Blitz-February-27-2024"]
[Site "Chess.com"]
[Date "2024.02.27"]
[Round "2"]
[White "Egor_Koshulyan"]
[Black "Grischuk"]
[Result "1/2-1/2"]
[WhiteElo "2651"]
[BlackElo "3044"]
[TimeControl "180+1"]
[EndTime "8:18:34 PST"]
[Termination "Game drawn by repetition"]

1. e4 e5 2. Nf3 Nc6 3. Bb5 a6 4. Ba4 Nf6 5. O-O Be7 6. Re1 b5 7. Bb3 d6 8. c3 O-O 9. h3 Nb8 10. d4 Nbd7 11. Nbd2 Bb7 12. Bc2 Re8 13. Nf1 Bf8 14.
Ng3 g6 15. a4 c5 16. Be3 exd4 17. cxd4 Bg7 18. Bf4 Nb6 19. dxc5 dxc5 20. Qxd8 Raxd8 21. Bc7 Nxa4 22. Bxd8 Nxb2 23. Bxf6 Bxf6 24. e5 Be7 25. Be4 Bc8 26. Bc6 Rd8 27. Ne4 Kg7 28. Nc3 c4 29. Nd5 Bc5 30. Nf6 c3 31. Ne4 Nd3 32. Re2 b4 33. Rb1 a5 34. Bb5 Nf4 35. Nxc5 Nxe2+ 36. Bxe2 Bf5 37. Rc1 Rc8 38. Na4 Bd7 39. Nb6 b3 40. Bd3 b2 41. Rb1 c2 42. Bxc2 Rxc2 43. Kh2 Be6 44. Na4 Rxf2 45. Rxb2 Rxb2 46. Nxb2 Bd7 47. Nd4 a4 48. Nc4 f6 49. e6 Be8 50.
Nd6 Kf8 51. Nxe8 Kxe8 52. Kg3 a3 53. Nb3 Ke7 54. Kf4 Kxe6 55. Ke4 f5+ 56. Kd4 g5 57. g3 h5 58. Nc5+ Kf6 59. Nb3 h4 60. gxh4 gxh4 61.
Nc5 a2 62. Nb3 Ke6 63. Nc5+ Kf6 64. Nb3 Ke6 65. Nc5+ Kf6 1/2-1/2

[Event "Early-Titled-Tuesday-Blitz-February-27-2024"]
[Site "Chess.com"]
[Date "2024.02.27"]
[Round "2"]
[White "Let_it_be_1"]
[Black "sokidze"]
[Result "0-1"]
[WhiteElo "2554"]
[BlackElo "2798"]
[TimeControl "180+1"]
[EndTime "8:18:35 PST"]
[Termination "sokidze won on time"]

1. e4 c5 2. Nf3 Nc6 3. d4 cxd4 4. Nxd4 g6 5. c4 Nf6 6. Nc3 d6 7. Be2 Nxd4 8. Qxd4 Bg7 9. Be3 O-O 10. Qd2 a5 11. O-O a4 12. f3 Qa5 13. Rac1 Be6 14. Rc2 Rfc8 15. Qc1 Qb4 16. Nb5 Nd7 17. Nd4 Nc5 18. Rd1 Bd7 19. Kh1 Ne6 20. h4 Rc7 21. a3 Qa5 22. Nb5 Bxb5 23. cxb5 Rac8 24. Rxc7 Qxc7 25. Qxc7 Rxc7 26. Rd2 Be5 27. g4 Rc1+ 28. Kg2 Rb1 29. Bd1 Bxb2 30. Bc2 Ra1 31. Bxa4 Rxa3 32. Rxb2 Rxe3 33.
Bb3 Nc5 34. Bd5 e6 35. Bc4 Rc3 36. Be2 Kf8 37. Kf2 Ra3 38. h5 g5 39. Ke1 h6 40.
Kd2 b6 41. Ke1 Ke7 42. Kf2 Kf6 43. Bc4 Ra4 44. Be2 Ke5 45. Rd2 Ra3 46. Rb2 Na4 47. Rc2 Nc3 48. Bf1 Ra2 49. Rxa2 Nxa2 50. Ke3 Nc3 51. Bd3 Na4 52. Bf1 Nc5 53. Bc4 d5 54.
exd5 exd5 55. Ba2 f6 56. Bb1 d4+ 57. Kd2 Kf4 58. Ke2 Ke5 59. Kd2 Ne6 0-1

[Event "Early-Titled-Tuesday-Blitz-February-27-2024"]
[Site "Chess.com"]
[Date "2024.02.27"]
[Round "2"]
[White "Chessdreamer2020"]
[Black "Sammed_Shete"]
[Result "0-1"]
[WhiteElo "2553"]
[BlackElo "2795"]
[TimeControl "180+1"]
[EndTime "8:18:36 PST"]
[Termination "Sammed_Shete won by checkmate"]

1. e4 c6 2. d4 d5 3. exd5 cxd5 4. Bd3 Nc6 5. c3 Qc7 6. h3 g6 7. Nf3 Bf5 8. Be2 Nf6 9. O-O Bg7 10. Be3 h5 11. Nbd2 Ne4 12. Qc1 h4 13. Re1 O-O-O 14.
Nxe4 dxe4 15. Bf4 e5 16. Nxe5 Nxe5 17. dxe5 Bxe5 18. Bxe5 Qxe5 19. Qe3 Kb8 20. Rad1 f6 21. Bf1 g5 22. Be2 Be6 23. a3 Bb3 24. Rd4 Rxd4 25.
cxd4 Qd5 26. f3 Qa5 27. Rc1 exf3 28. Bxf3 Qb6 29. Rc5 a6 30. Qe7 Ba4 31. b4 Bb5 32. d5 Rc8 33. Kh1 Ba4 34. Rxc8+ Kxc8 35. Qf8+ Kc7 36. Bg4 Qd6 37. Qc8+ Kb6 38. Be6 Bb3 39. a4 Bxa4 40. Qc4 Bb5 41. Qd4+ Kc7 42. Qc3+ Kb8 43. Qxf6 Qf4 44. Qxf4+ gxf4 45. Kg1 Kc7 46. Kf2 Kd6 47. Kf3 Ke5 48. Bc8 b6 49. Bb7 a5 50. Bc6 Bxc6 51.
dxc6 Kd6 52. bxa5 bxa5 53. Kxf4 a4 54. Kg4 a3 55. Kxh4 a2 56. g4 a1=Q 57. g5 Kxc6 58. Kh5 Kd6 59. Kh4 Ke6 60. Kg4 Qd4+ 61. Kh5 Kf5 62. h4 Qh8# 0-1

[Event "Early-Titled-Tuesday-Blitz-February-27-2024"]
[Site "Chess.com"]
[Date "2024.02.27"]
[Round "2"]
[White "Abund"]
[Black "Fluffey"]
[Result "1/2-1/2"]
[WhiteElo "2740"]
[BlackElo "2525"]
[TimeControl "180+1"]
[EndTime "8:18:41 PST"]
[Termination "Game drawn by repetition"]

1. e4 c6 2. Nf3 d5 3. Nc3 dxe4 4. Nxe4 Nf6 5. Qe2 Na6 6. Nxf6+ gxf6 7. d4 h5 8. h4 Bg4 9. c3 Qd5 10. Bf4 O-O-O 11. Qe3 Nc7 12. Be2 Ne6 13. Bg3 Bh6 14. Qd3 Rhg8 15. Qc4 Bxf3 16. gxf3 Bf4 17. Qxd5 cxd5 18.
Bxf4 Nxf4 19. Kd2 Rg2 20. Ke3 e5 21. Rag1 Rdg8 22. Rxg2 Rxg2 23. Bf1 Rg8 24. a3 Kc7 25. Bd3 Kd6 26. Bf1 Ke6 27. Bd3 b6 28. Bf1 Kf5 29. Bd3+ Nxd3 30. Kxd3 Kf4 31. dxe5 fxe5 32. Ke2 Rg2 33.
Rd1 Rh2 34. Rxd5 Rxh4 35. Rd7 f5 36. Rxa7 Rh1 37. Rb7 h4 38. Rxb6 Kg5 39. Rb8 Rb1 40. b4 Rb2+ 41. Ke3 Rc2 42. c4 Rxc4 43. b5 Rc3+ 44. Ke2 Rxa3 45. b6 Rb3 46. b7 Kf4 47.
Rh8 Rb2+ 48. Kf1 Rxb7 49. Rxh4+ Kxf3 50. Rh3+ Kg4 51. Rg3+ Kf4 52. Ra3 Rb2 53. Kg2 e4 54. Rh3 Kg4 55. Rg3+ Kf4 56. Rh3 Rc2 57. Rg3 Ke5 58.
Rh3 f4 59. Rh5+ Kd4 60. Rh4 Ke5 61. Rh5+ Kf6 62. Kg1 Kg6 63. Re5 Rc4 64. Kg2 Kf6 65.
Ra5 Rc2 66. Kg1 Rb2 67. Rc5 Rb1+ 68. Kg2 Rb2 69. Kg1 Ke6 70. Rh5 Kf6 71. Rc5 1/2-1/2

[Event "Early-Titled-Tuesday-Blitz-February-27-2024"]
[Site "Chess.com"]
[Date "2024.02.27"]
[Round "2"]
[White "mertfelin"]
[Black "Winner_7777"]
[Result "0-1"]
[WhiteElo "2312"]
[BlackElo "2539"]
[TimeControl "180+1"]
[EndTime "8:18:41 PST"]
[Termination "Winner_7777 won by resignation"]

1. e4 c5 2. Nf3 d6 3. d4 cxd4 4.
Nxd4 Nf6 5. Nc3 a6 6. Rg1 e5 7.
Nb3 h5 8. Be3 Be6 9. h3 h4 10.
g4 hxg3 11. Rxg3 Nbd7 12. Qd2 Rc8 13. O-O-O Rxc3 14. Qxc3 Nxe4 15. Qd3 Nxg3 16. fxg3 d5 17. g4 d4 18. Bd2 g6 19. Kb1 Qc7 20. Bg2 Be7 21.
Ba5 b6 22. Bd2 b5 23. Ba5 Qc4 24. Qe4 O-O 25. Bf1 Qd5 26. Qe1 Nc5 27. Bd2 Rc8 28.
Rc1 Na4 29. Bd3 Kg7 30. h4 Rh8 31. h5 gxh5 32. gxh5 Rxh5 33. Qg3+ Kf8 34. Rg1 Ke8 35. Qg8+ Kd7 36. Qb8 Rh1 37. Rxh1 Qxh1+ 38. Nc1 Nc5 39.
Qa7+ Ke8 40. Qb8+ Kd7 41. Qa7+ Qb7 42. Qxb7+ Nxb7 43. Be4 Nc5 44. Ba8 e4 45. Nb3 e3 46. Be1 Nxb3 47. axb3 f5 48. Bb7 f4 49. Bxa6 f3 50. Bxb5+ Kc7 51. Bg3+ Kb7 52. Kc1 Bb4 53. c3 dxc3 54. bxc3 Bxc3 55. Kc2 Bb4 56. Kd3 Bd2 57. Bf4 f2 58. Ke2 Bxb3 59. Bxe3 f1=Q+ 60. Kxf1 Bxe3 61. Ke2 Bc5 62. Bd3 Kb6 63. Be4 Ka5 64. Kd3 Kb4 65. Bf5 Ba2 66. Be4 Bb1+ 67. Ke2 Bxe4 0-1

[Event "Early-Titled-Tuesday-Blitz-February-27-2024"]
[Site "Chess.com"]
[Date "2024.02.27"]
[Round "2"]
[White "Viacheslav92"]
[Black "vovachesss"]
[Result "1/2-1/2"]
[WhiteElo "2558"]
[BlackElo "2779"]
[TimeControl "180+1"]
[EndTime "8:18:45 PST"]
[Termination "Game drawn - insufficient material"]

1. d4 d6 2. c4 e5 3. dxe5 dxe5 4. Qxd8+ Kxd8 5. Nc3 Be6 6. e4 c6 7. Be3 Nd7 8. O-O-O Kc7 9. Nf3 f6 10. Nd2 Bc5 11. Bxc5 Nxc5 12. Be2 a5 13. Nb3 Nxb3+ 14. axb3 Ne7 15. Na4 Rhd8 16. Kc2 Ng6 17. g3 Nf8 18. Kc3 b6 19. c5 b5 20. Nb6 Ra7 21. Rxd8 Kxd8 22.
Rd1+ Kc7 23. h4 Nd7 24. Nxd7 Bxd7 25. h5 h6 26. g4 Ra8 27. f3 Be6 28. Rd6 Bg8 29.
Rd1 b4+ 30. Kc2 a4 31. Bc4 Bxc4 32. bxc4 Ra5 33. b3 a3 34. Kb1 Rxc5 35. Ka2 Ra5 36. Rd2 Ra8 37. Rc2 Rd8 38. c5 Rd3 39. Rc4 Rxf3 40. Rxb4 Rf4 41. Ra4 Rxg4 42. Ra7+ Kb8 43. Rf7 Rxe4 44. Rxg7 Rf4 45. Kxa3 e4 46. Re7 f5 47.
Ka4 Rf3 48. Ka5 Rd3 49. b4 e3 50. Kb6 Kc8 51. Kxc6 f4 52. b5 Kd8 53. Re4 f3 54. b6 f2 55. b7 Rb3 56. Rxe3 Rxb7 57. Rf3 Rb2 58. Kd6 Rd2+ 59. Ke6 Kc7 60. Kf6 Kc6 61.
Kg6 Kxc5 62. Kxh6 Kd4 63. Kg7 Ke4 64. Rxf2 Rxf2 65. h6 Rg2+ 66. Kf8 Rf2+ 67. Kg8 Rg2+ 68. Kf8 Kf5 69. h7 Rh2 70. Kg8 Kg6 71. h8=Q Rxh8+ 72. Kxh8 1/2-1/2

[Event "Early-Titled-Tuesday-Blitz-February-27-2024"]
[Site "Chess.com"]
[Date "2024.02.27"]
[Round "2"]
[White "alexrustemov"]
[Black "BallottiLuca"]
[Result "1/2-1/2"]
[WhiteElo "2836"]
[BlackElo "2429"]
[TimeControl "180+1"]
[EndTime "8:18:46 PST"]
[Termination "Game drawn by repetition"]

1. d4 Nf6 2. c4 g6 3. Nf3 Bg7 4. g3 O-O 5. Bg2 d6 6. Nc3 Nc6 7. O-O a6 8. h3 Rb8 9. e4 b5 10.
d5 b4 11. Ne2 Na5 12. Nfd4 c5 13. Nc2 Nxc4 14. b3 Nb6 15. Rb1 a5 16. Ne3 Ba6 17.
Bb2 Nfd7 18. Bxg7 Kxg7 19. f4 Rc8 20. Rf2 Bxe2 21. Qxe2 f6 22. h4 a4 23. h5 axb3 24. axb3 Ra8 25. Bh3 Ra3 26. Kg2 Qa8 27. Be6 c4 28. hxg6 hxg6 29. Qg4 f5 30. Nxf5+ Rxf5 31. Bxf5 Nf8 32. Bxg6 Nxg6 33. f5 Qe8 34. bxc4 Nxc4 35. Qxg6+ Qxg6 36. fxg6 b3 37. Kh3 Kxg6 38. Rf3 Nd2 39.
Rff1 Nxf1 40. Rxf1 b2 41. Rb1 Rb3 42. Kg4 Rb4 43. Kf4 Rb8 44. e5 Rb4+ 45. Ke3 dxe5 46. Kd3 Kf5 47. Kc3 Rb5 48. Kc2 e4 49. Rf1+ Ke5 50.
Kb1 Rxd5 51. Kxb2 Rd3 52. g4 Rg3 53. Kc2 Rxg4 54. Kd2 Rg3 55. Rf8 Rd3+ 56. Ke2 Rd6 57. Re8 e6 58. Ra8 Rb6 59. Ra5+ Kf4 60. Ra2 Rb3 61.
Ra6 Ke5 62. Ra5+ Kf4 63. Ra2 Re3+ 64. Kf2 Rf3+ 65. Ke2 Rd3 66. Kf2 Rd5 67. Ke2 e5 68. Ra8 e3 69. Ra4+ e4 70. Ra8 Rd2+ 71. Ke1 Rh2 72. Rf8+ Ke5 73. Re8+ Kd4 74. Rd8+ Ke5 75. Re8+ Kd4 76. Rd8+ Ke5 77. Re8+ 1/2-1/2

[Event "Early-Titled-Tuesday-Blitz-February-27-2024"]
[Site "Chess.com"]
[Date "2024.02.27"]
[Round "2"]
[White "RobertoJBM"]
[Black "FARIZA2018"]
[Result "1-0"]
[WhiteElo "2852"]
[BlackElo "2581"]
[TimeControl "180+1"]
[EndTime "8:18:49 PST"]
[Termination "RobertoJBM won by resignation"]

1. d4 Nf6 2. Nf3 d5 3. e3 c5 4. c3 Nc6 5. Nbd2 e6 6. Bd3 Be7 7.
O-O O-O 8. dxc5 Bxc5 9. e4 e5 10. b4 Bd6 11. a3 dxe4 12. Nxe4 Nxe4 13. Bxe4 h6 14. c4 Bg4 15. h3 Bh5 16. c5 Bc7 17. Bb2 Qf6 18. Re1 Rad8 19. Qb3 Nd4 20. Nxd4 exd4 21.
Bxb7 Qf4 22. g3 Qg5 23. h4 Qg4 24. Bg2 d3 25. Re4 Qg6 26. Qc3 d2 27. Bf3 Bxf3 28. Qxf3 d1=Q+ 29. Rxd1 Rxd1+ 30. Kg2 Qxe4 31. Qxe4 Rfd8 32.
Qb7 R1d7 33. Qc6 Bb8 34. Bc1 Rd1 35. Be3 Be5 36. Qb7 R1d7 37. Qe4 Bf6 38. a4 Re7 39. Qc4 Be5 40. b5 Rc8 41. a5 g6 42. c6 Re6 43.
Bxa7 Bd6 44. Bc5 Bc7 45. Bb4 Bd8 46. Bc3 Bc7 47. Qd4 Kf8 48. Qg7+ Ke8 49. Qxh6 Bd6 50. Qh8+ Bf8 51. Qd4 Rd6 52. Qc4 Re6 53. a6 Bd6 54. Bd4 Bc7 55. a7 Ra8 56. b6 Bxb6 57. Bxb6 Rc8 58.
c7 Rxb6 59. a8=Q Rxa8 60. Qe4+ Kd7 61. Qxa8 Kxc7 62. Qa7+ Rb7 63. Qc5+ Kd7 64. Qe3 Rb6 65. h5 Re6 66. h6 Rxe3 67. fxe3 1-0

[Event "Early-Titled-Tuesday-Blitz-February-27-2024"]
[Site "Chess.com"]
[Date "2024.02.27"]
[Round "2"]
[White "TheAlienParty"]
[Black "BilicVladimir"]
[Result "0-1"]
[WhiteElo "2426"]
[BlackElo "2698"]
[TimeControl "180+1"]
[EndTime "8:18:52 PST"]
[Termination "BilicVladimir won on time"]

1. c4 c6 2. Nf3 d5 3. e3 Nf6 4. b3 Bf5 5. Bb2 e6 6. Be2 Nbd7 7. O-O h6 8. d3 Be7 9. Nbd2 O-O 10. h3 Bh7 11.
Ne5 a5 12. Qc2 Nxe5 13. Bxe5 Nd7 14. Bc3 b5 15. Qb2 Bf6 16. Bxf6 Nxf6 17. Rfd1 Qb6 18. Bf1 Rfb8 19. cxd5 cxd5 20. Rac1 Nd7 21. Nf3 Rc8 22. a3 Bg6 23. Nd4 b4 24. a4 Rc5 25. Nb5 Rac8 26.
d4 Rc2 27. Qa1 Nf6 28. Rxc2 Rxc2 29. Rc1 Rd2 30. Rc8+ Kh7 31. Qc1 Ra2 32. f3 Nh5 33.
Ra8 Ng3 34. Qc8 Bf5 35. Ra6 Rc2 36. Qa8 Qxa6 37. Qxa6 Rc1 38. Kf2 Nxf1 39. Qxa5 Bd3 40.
Qxb4 Rc2+ 41. Kg1 Nxe3 42. Qe1 Rxg2+ 43. Kh1 Re2 44. Qb4 Nf5 45. Nc3 Rf2 46. Qb8 h5 47. a5 h4 48. a6 Bxa6 49. Qf4 Bd3 50. b4 Rc2 51. Na4 Ra2 52. Qg5 Rxa4 53. Qh5+ Kg8 54.
Qg4 Ra1+ 55. Kh2 Ra2+ 56. Kg1 Ra1+ 57. Kf2 Ra2+ 58. Ke1 Re2+ 59. Kd1 Ne3+ 60. Kc1 Nxg4 61. fxg4 Rc2+ 62. Kb1 Rc4+ 63. Kb2 Rxb4+ 64. Kc3 Rxd4 65. Kxd4 Bf1 66. Ke3 Bxh3 67. Kf4 Bxg4 68. Kxg4 g5 69. Kxg5 h3 70. Kf6 h2 71. Ke7 h1=Q 0-1

[Event "Early-Titled-Tuesday-Blitz-February-27-2024"]
[Site "Chess.com"]
[Date "2024.02.27"]
[Round "2"]
[White "AndreyOstrovskiy"]
[Black "mishanick"]
[Result "1-0"]
[WhiteElo "2669"]
[BlackElo "3078"]
[TimeControl "180+1"]
[EndTime "8:18:56 PST"]
[Termination "AndreyOstrovskiy won by resignation"]

1. e4 c5 2. Nf3 e6 3. d4 cxd4 4. Nxd4 Nc6 5. Nc3 a6 6. Nxc6 bxc6 7. Bd3 d5 8. Qe2 Nf6 9. Bd2 Be7 10. O-O O-O 11.
f4 a5 12. Kh1 Re8 13. b3 Nd7 14. Na4 Bb7 15. c4 c5 16. cxd5 exd5 17. e5 Nb6 18. Nxb6 Qxb6 19. Rf3 g6 20. f5 c4 21. fxg6 hxg6 22. bxc4 dxc4 23. Bxc4 Bxf3 24. Qxf3 Rf8 25. Rf1 Kg7 26. Bxf7 Rh8 27. e6 Qd4 28. Be3 Qf6 29.
Qxf6+ Bxf6 30. g3 Rhd8 31. Kg2 Rd3 32. Bf4 Rc8 33. h4 Rc2+ 34. Kh3 Rcc3 35. Rb1 Rd4 36.
Kg4 Re4 37. Rb8 Kh7 38. Rg8 Bg7 39. Re8 Bf6 40. Rg8 Rxe6 41. Bxe6 Rc6 42. Re8 Kg7 43.
Rg8+ Kh7 44. Re8 a4 45. Bd5 Rc5 46. Bg8+ Kg7 47. Be6 Rc6 48. Rg8+ Kh7 49. Re8 Kg7 50. Bd7 Rc2 51. Bxa4 Rxa2 52. Rg8+ Kh7 53. Ra8 Bg7 54.
h5 gxh5+ 55. Kxh5 Rh2+ 56. Kg4 Bb2 57. Bc6 Kg6 58. Be4+ Kf6 59. Ra6+ Ke7 60. Kf5 Rh5+ 61. Bg5+ Kd7 62. g4 Rh2 63. Bf4 Rf2 64. Bd5 Bc1 65.
Ra7+ Kd8 66. Ra4 Kd7 67. Re4 Rf1 68. g5 Bb2 69. g6 Rg1 70. Bf7 Rg2 71. Be5 Rf2+ 72.
Rf4 Rg2 73. Bxb2 Rxb2 74. g7 Rg2 75. Rg4 1-0

[Event "Early-Titled-Tuesday-Blitz-February-27-2024"]
[Site "Chess.com"]
[Date "2024.02.27"]
[Round "2"]
[White "karinachess1"]
[Black "UK_23"]
[Result "1/2-1/2"]
[WhiteElo "2632"]
[BlackElo "2349"]
[TimeControl "180+1"]
[EndTime "8:19:03 PST"]
[Termination "Game drawn by repetition"]

1. d4 d5 2. c4 e6 3. Nc3 Nf6 4. cxd5 exd5 5. Bg5 Be7 6. e3 O-O 7. Bd3 Re8 8. Qc2 h6 9. Bh4 c5 10. Nf3 Nc6 11. dxc5 d4 12. Bxf6 Bxf6 13. Ne4 dxe3 14. Nxf6+ Qxf6 15. O-O Nb4 16. Qa4 exf2+ 17. Rxf2 Nc6 18.
Raf1 Be6 19. Qe4 g6 20. Qa4 Rad8 21. Bb5 Bd5 22. a3 a6 23. Bd3 Re3 24. Bb1 h5 25.
Qc2 Rde8 26. Qd2 Bc4 27. Rc1 Re2 28. Rxe2 Rxe2 29. Qc3 Qxc3 30. Rxc3 Bd5 31. b4 Bxf3 32. Rxf3 Nd4 33. Rf1 Rb2 34. Be4 Nc6 35. Bd5 Nd8 36. h4 Rd2 37. Bc4 Kg7 38. Re1 f5 39. Re7+ Kf6 40.
Rc7 Nc6 41. Rxb7 Ne5 42. Bxa6 Ra2 43. Rb6+ Ke7 44. Bc8 Ng4 45. Kf1 Rxa3 46. Rxg6 Kd8 47. Bxf5 Ne3+ 48. Ke2 Nxf5 49. Rg5 Nxh4 50. Rxh5 Ng6 51.
Rg5 Nf4+ 52. Kd2 Rb3 53. g3 Ne6 54. Rd5+ Kc7 55. Rd6 Ng5 56. Rg6 Ne4+ 57. Kc2 Rxb4 58.
g4 Rc4+ 59. Kd3 Ra4 60. c6 Nd6 61. g5 Kxc6 62. Ke3 Ra1 63. Kf3 Rf1+ 64. Kg4 Kd5 65.
Rf6 Rg1+ 66. Kh5 Ne4 67. Rf5+ Ke6 68. Kg6 Nd6 69. Rf6+ Ke7 70. Rf2 Rg3 71. Re2+ Kf8 72. Rf2+ Ke7 73. Re2+ Kf8 74. Rf2+ Ke8 75. Re2+ Kd7 76.
Kf6 Rf3+ 77. Kg7 Nf5+ 78. Kg6 Nh4+ 79. Kh5 Nf5 80. Kg6 Ne7+ 81. Kg7 Nf5+ 82. Kg6 1/2-1/2

[Event "Early-Titled-Tuesday-Blitz-February-27-2024"]
[Site "Chess.com"]
[Date "2024.02.27"]
[Round "2"]
[White "rasmussvane"]
[Black "Yeritsyaan"]
[Result "1-0"]
[WhiteElo "2943"]
[BlackElo "2610"]
[TimeControl "180+1"]
[EndTime "8:19:05 PST"]
[Termination "rasmussvane won by resignation"]

1. Nf3 Nf6 2. g3 g6 3. Bg2 Bg7 4. O-O O-O 5. d4 d6 6. Re1 Bf5 7. Nbd2 d5 8. c3 c6 9. Nh4 Bc8 10. e4 dxe4 11. Nxe4 Nxe4 12. Bxe4 Nd7 13. Bg2 Nf6 14.
a4 a5 15. Nf3 Be6 16. Bf4 Bd5 17. Qe2 e6 18. Be5 Qb6 19. h4 Rfd8 20. Nh2 Bxg2 21.
Kxg2 Qb3 22. Qf3 Qd5 23. Re2 Qxf3+ 24. Kxf3 Nd5 25. Rae1 Bxe5 26. Rxe5 h5 27. Nf1 Kg7 28. Nd2 b5 29. Ra1 Rdb8 30. Re2 b4 31. c4 Ne7 32. Nb3 Rd8 33. Re5 Nf5 34. Rd1 Ra6 35. Ke4 Nd6+ 36. Kd3 Nb7 37. Rde1 Rd7 38. f3 Ra8 39. g4 hxg4 40.
fxg4 Rh8 41. h5 Rhd8 42. R1e4 Nd6 43. Rf4 gxh5 44. gxh5 Nf5 45. Rxa5 Kf6 46. Rc5 Rg8 47. Rxc6 Rg3+ 48. Kc2 Kg5 49. Re4 Kxh5 50. a5 Ra7 51. a6 Kg6 52. Rb6 Ra8 53. Nc5 Rh8 54. Rxb4 Rh2+ 55.
Kb1 Rg1+ 56. Ka2 Rhh1 57. Ra4 Nd6 58. Re3 Nc8 59. Rea3 Nb6 60. a7 Na8 61. Rb4 Ra1+ 62. Kb3 Rh3+ 63. Ka4 Rc1 64. Rb8 Nc7 65. a8=Q Nxa8 66. Rxa8 Rxc4+ 67. b4 Rxa3+ 68. Kxa3 Rxd4 69. b5 Rc4 70. Nb3 Rc7 71. b6 Rb7 72. Ra6 e5 73. Nc5 Rb8 74. b7+ Kg5 75. Ra8 Rxb7 76. Nxb7 e4 77. Nd6 f5 78. Rf8 f4 79. Nxe4+ 1-0

[Event "Early-Titled-Tuesday-Blitz-February-27-2024"]
[Site "Chess.com"]
[Date "2024.02.27"]
[Round "2"]
[White "Smile2005"]
[Black "ScofieldMichael01"]
[Result "1/2-1/2"]
[WhiteElo "2386"]
[BlackElo "2605"]
[TimeControl "180+1"]
[EndTime "8:19:09 PST"]
[Termination "Game drawn - insufficient material"]

1. e4 e6 2. d4 d5 3. Nd2 Nf6 4. e5 Nfd7 5. Bd3 c5 6. c3 Nc6 7. Ne2 cxd4 8. cxd4 f6 9. exf6 Nxf6 10. O-O Bd6 11. Nf3 Qc7 12. h3 O-O 13. Re1 Bd7 14.
a3 a5 15. Be3 Rae8 16. Rc1 Qb8 17. Qc2 Re7 18. Qd2 Be8 19. Bf4 Ne4 20. Bxd6 Nxd2 21. Bxb8 Nxf3+ 22. gxf3 Nxb8 23. f4 Nc6 24. Kg2 Bh5 25.
f3 g5 26. Kf2 gxf4 27. Rg1+ Rg7 28. Rxg7+ Kxg7 29. Bb5 Be8 30. Rg1+ Bg6 31. Bxc6 bxc6 32. Rg4 Rb8 33. b4 axb4 34. axb4 Rxb4 35. Nxf4 Kf6 36. Ne2 Bf5 37. Rg8 Bxh3 38. Rc8 Rc4 39. Ke3 Bf5 40.
Ng3 Rc3+ 41. Kf4 Rd3 42. Nxf5 exf5 43. Rxc6+ Kg7 44. Kxf5 Rxd4 45. Rc7+ Kh6 46. Ke5 Rd3 47. f4 d4 48. Ke4 Rd1 49. Rd7 Kg6 50. Rxd4 Re1+ 51. Kf3 Ra1 52. Rd6+ Kf5 53. Rd5+ Ke6 54. Rh5 Rf1+ 55. Ke4 Re1+ 56. Kd3 Rd1+ 57. Ke2 Rd4 58.
Ke3 Rd7 59. Ke4 Kf6 60. Rh6+ Kg7 61. Re6 h6 62. f5 Rd1 63. Rg6+ Kh7 64. Rg2 h5 65. f6 Rf1 66. Ke5 Kh6 67. Ke6 h4 68. Ke7 Kh5 69. f7 h3 70. Rg3 Kh4 71. Rg6 h2 72.
Rf6 Re1+ 73. Kd8 Rd1+ 74. Kc7 Rc1+ 75. Kb6 Rb1+ 76. Kc5 Rc1+ 77. Kd4 Rd1+ 78. Ke3 h1=Q 79. Rh6+ Kg5 80. Rxh1 Rd8 81. Rf1 Rf8 82. Ke4 Kg6 83. Ke5 Rxf7 84. Rg1+ Kh7 85. Ke6 Rg7 86. Rxg7+ Kxg7 1/2-1/2

[Event "Early-Titled-Tuesday-Blitz-February-27-2024"]
[Site "Chess.com"]
[Date "2024.02.27"]
[Round "2"]
[White "Boundless_Strike"]
[Black "Eagle_2019"]
[Result "1/2-1/2"]
[WhiteElo "2611"]
[BlackElo "2894"]
[TimeControl "180+1"]
[EndTime "8:19:10 PST"]
[Termination "Game drawn - insufficient material"]

1. d4 d5 2. e4 dxe4 3. Nc3 Nf6 4. f3 e3 5. Bxe3 g6 6. Qd2 Bg7 7. O-O-O O-O 8. Bh6 c6 9. h4 Qa5 10. h5 Be6 11. a3 Nbd7 12. Bxg7 Kxg7 13. hxg6 fxg6 14.
Qh6+ Kg8 15. Ne4 Rf7 16. Ng5 Qd5 17. c4 Qd6 18. Nxf7 Bxf7 19. Nh3 b5 20. Ng5 Nf8 21. Kb1 Bxc4 22. Bxc4+ bxc4 23. Ne4 Qd5 24. Nc3 Qf5+ 25.
Ka1 Nd5 26. g4 Qc2 27. Nxd5 cxd5 28. Qg5 e6 29. Qe3 Rb8 30. Rd2 Qb3 31. Re2 Qxe3 32. Rxe3 Kf7 33. b3 cxb3 34. Rb1 Rc8 35. Kb2 Rc4 36. Rd1 Rc2+ 37. Kxb3 Rf2 38. Rc1 Kf6 39. Rc7 g5 40. Rxa7 Ng6 41. a4 Nh4 42. a5 Nxf3 43. Kc3 Nd2 44. a6 Ne4+ 45. Kb4 Rb2+ 46. Ka5 Nd2 47. Ka4 Nc4 48. Rc3 Nb6+ 49. Ka3 Rb1 50. Rb7 Ra1+ 51. Kb4 Rxa6 52. Kb5 Ra4 53. Rxb6 Rxd4 54.
Rf3+ Rf4 55. Re3 Re4 56. Rxe4 dxe4 57. Kc4 Ke5 58. Rb7 Kf4 59. Rf7+ Kxg4 60. Kd4 h5 61.
Kxe4 h4 62. Ke3 Kg3 63. Ke2 h3 64. Kf1 h2 65. Rh7 g4 66. Rh6 e5 67. Rh5 e4 68.
Rh8 e3 69. Rh6 e2+ 70. Kxe2 Kg2 71. Ke3 g3 72. Kf4 h1=Q 73. Rxh1 Kxh1 74. Kxg3 1/2-1/2